 Dungeon Crawl Stone Soup version 0.32-a0-928-g1cae6b7ea0 (webtiles) character file.

Game seed: 2627989669156721204

509 Mgcat the Chopper (level 7, -6/55 HPs)
             Began as a Coglin Fighter on Apr 12, 2024.
             Mangled by Duvessa
             ... wielding a +2 short sword of freezing
              (9 damage)
             ... on level 5 of the Dungeon.
             The game lasted 00:05:23 (2389 turns).

Mgcat the Chopper (Coglin Fighter)                  Turns: 2389, Time: 00:05:24

Health: -6/55      AC: 10    Str: 18    XL:     7   Next: 19%
Magic:  7/7        EV:  8    Int:  8    God:
Gold:   116        SH:  0    Dex: 13    Spells: 6/6 levels left

rFire   . . .        a - +0 war axe {Kai}
rCold   . . .        o - +1 dagger (freeze) {Quintus}
rNeg    . . .        b - +0 scale mail
rPois   .            n - +0 helmet
rElec   .            k - +0 cloak
rCorr   .            (no gloves)
SInv    .            h - +0 pair of boots
Will    .....        (amulet unavailable) Stlth
                     (ring unavailable)
HPRegen 0.29/turn    (ring unavailable)
MPRegen 0.10/turn    (no gizmo)

%: no passive effects
@: mighty, revved
A: off-hand wielding, slow wielding, warmup strikes, no jewellery
a: Invent Gizmo


You were on level 5 of the Dungeon.
You visited 1 branch of the dungeon, and saw 5 of its levels.

You collected 174 gold pieces.
You spent 58 gold pieces at shops.

Inventory:

Hand Weapons
 a - a +0 war axe (weapon) {Kai}
 m - a +0 mace {Silke}
   (You found it on level 1 of the Dungeon)
 o - a +1 dagger of freezing (offhand) {Quintus}
   (You took it off a goblin on level 2 of the Dungeon)
Armour
 b - a +0 scale mail (worn)
 h - a +0 pair of boots (worn)
   (You found it on level 1 of the Dungeon)
 k - a +0 cloak (worn)
   (You found it on level 2 of the Dungeon)
 n - a +0 helmet (worn)
   (You bought it in a shop on level 2 of the Dungeon)
Wands
 q - a wand of mindburst (18)
   (You found it on level 2 of the Dungeon)
Scrolls
 e - a scroll of amnesia {unknown}
 f - 2 scrolls of identify {unknown}
 p - 2 scrolls of fear {unknown}
 r - a scroll of poison {unknown}
 s - a scroll of vulnerability {unknown}
 t - 2 scrolls of enchant armour {unknown}
Potions
 c - a potion of ambrosia {unknown}
 g - a potion of brilliance {unknown}
 i - 3 potions of lignification {unknown}
 j - a potion of degeneration {unknown}
 l - a potion of curing {unknown}


   Skills:
 + Level 4.4 Fighting
 * Level 5.0 Axes
 + Level 4.0 Armour
 + Level 3.3 Shields


You had 6 spell levels left.
You didn't know any spells.
Your spell library contained the following spells:

 Spells                   Type           Power      Damage    Failure   Level
 Cigotuvi's Dreadful Rot  Necr/Alch/Air  0%         N/A       89%         2
 Ignite Poison            Fire/Alch      0%         N/A       100%        4
 Freezing Cloud           Conj/Ice/Air   0%         6-21      100%        5


Dungeon Overview and Level Annotations

Branches:
Dungeon (4/15)             Temple (0/1) D:5

Altars:
Hepliaklqana

Shops:
D:2 :=([(

Annotations:
D:5 Duvessa


Innate Abilities, Weirdness & Mutations

You can wield a second weapon in your off-hand.
It takes a long time for you to wield or remove held weapons.
Your first few attacks do less damage.
You cannot equip rings or amulets.


Message History

Spoiler Alert: Duvessa (wandering) can hit for moderate damage in melee, and goes Berserk when Dowan dies!
Unknown command.
Lua error: [string "/dgldir/rcfiles/crawl-git/Mgcat.rc"]:930: invalid capture index Unknown command.
Lua error: [string "/dgldir/rcfiles/crawl-git/Mgcat.rc"]:930: invalid capture index Duvessa shouts!
Duvessa goes berserk!
Duvessa closely misses you.
Lua error: [string "/dgldir/rcfiles/crawl-git/Mgcat.rc"]:930: invalid capture index Unknown command.
Lua error: [string "/dgldir/rcfiles/crawl-git/Mgcat.rc"]:930: invalid capture index Unknown command.
Lua error: [string "/dgldir/rcfiles/crawl-git/Mgcat.rc"]:930: invalid capture index Unknown command.
Spoiler Alert: Duvessa (berserk) can hit for moderate damage in melee, and goes Berserk when Dowan dies!
You closely miss Duvessa with your +1 dagger of freezing.
You hit Duvessa but do no damage.
Duvessa hits you with a +2 short sword of freezing!
Duvessa freezes you. Duvessa closely misses you.
You take 12 damage, and have 43/55 hp.
MASSIVE DAMAGE!!
Lua error: [string "/dgldir/rcfiles/crawl-git/Mgcat.rc"]:930: invalid capture index Unknown command.
Lua error: [string "/dgldir/rcfiles/crawl-git/Mgcat.rc"]:930: invalid capture index You hit Duvessa but do no damage. x2; Duvessa barely misses you.
Lua error: [string "/dgldir/rcfiles/crawl-git/Mgcat.rc"]:930: invalid capture index Unknown command.
Lua error: [string "/dgldir/rcfiles/crawl-git/Mgcat.rc"]:930: invalid capture index Unknown command.
Lua error: [string "/dgldir/rcfiles/crawl-git/Mgcat.rc"]:930: invalid capture index You feel very mighty all of a sudden.
Duvessa hits you with a +2 short sword of freezing.
Duvessa freezes you.
Duvessa hits you with a +2 short sword of freezing!
Duvessa freezes you.
You take 24 damage, and have 19/55 hp.
MASSIVE DAMAGE!!
Spoiler Alert: Duvessa (berserk) can hit for moderate damage in melee, and goes Berserk when Dowan dies!
Unknown command.
Unknown command.
You hit Duvessa with your +0 war axe.
Duvessa is lightly wounded.
You hit Duvessa with your +1 dagger of freezing.
You freeze Duvessa.
Duvessa hits you with a +2 short sword of freezing.
Duvessa freezes you.
* * * LOW HITPOINT WARNING * * *
You take 3 damage, and have 16/55 hp.
Lua error: [string "/dgldir/rcfiles/crawl-git/Mgcat.rc"]:930: invalid capture index Unknown command.
Spoiler Alert: Duvessa (berserk) can hit for moderate damage in melee, and goes Berserk when Dowan dies!
Unknown command.
Lua error: [string "/dgldir/rcfiles/crawl-git/Mgcat.rc"]:930: invalid capture index Unknown command.
Lua error: [string "/dgldir/rcfiles/crawl-git/Mgcat.rc"]:930: invalid capture index You closely miss Duvessa with your +0 war axe.
Duvessa is lightly wounded.
You hit Duvessa but do no damage.
Duvessa hits you with a +2 short sword of freezing!
* * * LOW HITPOINT WARNING * * *
Duvessa freezes you.
* * * LOW HITPOINT WARNING * * *
Duvessa hits you but does no damage.
You take 10 damage, and have 6/55 hp.
Spoiler Alert: Duvessa (berserk) can hit for moderate damage in melee, and goes Berserk when Dowan dies!
Unknown command.
Lua error: [string "/dgldir/rcfiles/crawl-git/Mgcat.rc"]:930: invalid capture index Unknown command.
Lua error: [string "/dgldir/rcfiles/crawl-git/Mgcat.rc"]:930: invalid capture index Unknown command.
Lua error: [string "/dgldir/rcfiles/crawl-git/Mgcat.rc"]:930: invalid capture index Unknown command.
Spoiler Alert: Duvessa (berserk) can hit for moderate damage in melee, and goes Berserk when Dowan dies!
Okay, then.
Lua error: [string "/dgldir/rcfiles/crawl-git/Mgcat.rc"]:930: invalid capture index
Okay, then.
Lua error: [string "/dgldir/rcfiles/crawl-git/Mgcat.rc"]:930: invalid capture index Unknown command.
Lua error: [string "/dgldir/rcfiles/crawl-git/Mgcat.rc"]:930: invalid capture index You closely miss Duvessa with your +0 war axe.
Duvessa is lightly wounded.
You hit Duvessa with your +1 dagger of freezing.
You freeze Duvessa. Duvessa hits you but does no damage.
Duvessa hits you with a +2 short sword of freezing.
* * * LOW HITPOINT WARNING * * *
Duvessa freezes you.
* * * LOW HITPOINT WARNING * * *
You take 3 damage, and have 3/55 hp.
Lua error: [string "/dgldir/rcfiles/crawl-git/Mgcat.rc"]:930: invalid capture index Unknown command.
Spoiler Alert: Duvessa (berserk) can hit for moderate damage in melee, and goes Berserk when Dowan dies!
Unknown command.
Lua error: [string "/dgldir/rcfiles/crawl-git/Mgcat.rc"]:930: invalid capture index Unknown command.
Lua error: [string "/dgldir/rcfiles/crawl-git/Mgcat.rc"]:930: invalid capture index Unknown command.
Lua error: [string "/dgldir/rcfiles/crawl-git/Mgcat.rc"]:930: invalid capture index You hit Duvessa with your +0 war axe.
Duvessa is moderately wounded.
You hit Duvessa with your +1 dagger of freezing.
You freeze Duvessa.
Duvessa hits you with a +2 short sword of freezing!
You die...

####....#.#
#..#>#.# #.#..#.#
#.#.##.#
###.#.##.#
#ß>ß#.##.#
##.......#
#.##########e####
........# #@#
....###)# #.# .
#.# #.#
#.###.####.#
#..........#
############


You could see Duvessa (berserk).

Vanquished Creatures
  Grinder (D:5)
  Dowan (D:5)
  A howler monkey (D:4)
  A bombardier beetle (D:5)
  2 hounds (D:5)
  8 adders
  5 ribbon worms
  5 orcs
  3 ball pythons (D:2)
  4 bats
  3 endoplasms
  2 giant cockroaches (D:3)
  2 hobgoblins (D:1)
  5 quokkas
  5 frilled lizards
  4 goblins
  4 kobolds
  5 rats
61 creatures vanquished.

Notes
Turn   | Place    | Note
-------+----------+-------------------------------------------
     0 | D:1      | Mgcat the Coglin Fighter began the quest for the Orb.
     0 | D:1      | Reached XP level 1. HP: 18/18 MP: 1/1
   244 | D:1      | Reached XP level 2. HP: 24/24 MP: 2/2
   573 | D:2      | Found a hazy altar of Hepliaklqana.
   600 | D:2      | Found Waoqihy's Armour Emporium.
   612 | D:2      | Bought a +0 helmet for 58 gold pieces
   644 | D:2      | Found Neleun's Antique Weapon Emporium.
   650 | D:2      | Reached XP level 3. HP: 21/29 MP: 3/3
   749 | D:2      | Reached skill level 3 in Armour
   777 | D:2      | Found a faded altar of an unknown god.
   923 | D:2      | Found Zawkalel's Jewellery Boutique.
   965 | D:2      | Found Puim's Weapon Shoppe.
   980 | D:2      | Reached skill level 3 in Axes
   980 | D:2      | Reached XP level 4. HP: 35/35 MP: 4/4
  1109 | D:2      | Found Ommaosch's Book Shoppe.
  1337 | D:3      | Reached XP level 5. HP: 41/41 MP: 5/5
  1925 | D:4      | You fall into a shaft and drop 1 floor!
  1925 | D:5      | Entered Level 5 of the Dungeon
  1934 | D:5      | Noticed Grinder
  1941 | D:5      | Paralysed by Grinder for 3 turns
  1953 | D:5      | Killed Grinder
  1954 | D:5      | Reached skill level 4 in Fighting
  1954 | D:5      | Reached skill level 4 in Axes
  1954 | D:5      | Reached skill level 3 in Shields
  1954 | D:5      | Reached XP level 6. HP: 42/48 MP: 6/6
  2183 | D:5      | Reached XP level 7. HP: 50/55 MP: 7/7
  2222 | D:5      | Found a staircase to the Ecumenical Temple.
  2243 | D:5      | Noticed Dowan
  2253 | D:5      | Killed Dowan
  2254 | D:5      | Reached skill level 5 in Axes
  2254 | D:5      | Reached skill level 4 in Armour
  2381 | D:5      | Noticed Duvessa
  2387 | D:5      | HP: 7/55 [Duvessa/+2 short sword of freezing (9)]
  2388 | D:5      | HP: 3/55 [Duvessa/+2 short sword of freezing (1)]
  2389 | D:5      | Mangled by Duvessa

Illustrated notes

Levels and vault maps discovered:
D:1:      amcnicky_arrival_double_pillar, layout_basic
D:2:      layout_loops_cross, basic_altar, serial_shops,
          nicolae_shop_hallway_plus, nicolae_shop_scrapyard, nicolae_shop_stone,
          nicolae_shop_window_shopping, nicolae_shop_bloodbath_and_beyond,
          hellmonk_ecumenical_altar_pennies_from_heaven
D:3:      layout_rooms, chequers_avenue, kennysheep_pointless_box
D:4:      layout_basic, grunt_temple_overflow_order_and_chaos_2
D:5:      layout_loops_corners, temple_statues, uniq_ijyb, uniq_sigmund,
          uniq_duvessa, uniq_grinder

Skill      XL: |  1  2  3  4  5  6  7 |
---------------+----------------------+-----
Armour         | 3 4 |  4.0
Axes           | 3 4 5 |  5.0
Fighting       | 4 |  4.4
Shields        | 3 |  3.3

Action                     |  1- 3 |  4- 6 |  7- 9 || total
---------------------------+-------+-------+-------++-------
  Melee: War axe           |    47 |    83 |     9 ||   139
         Short sword       |     8 |       |       ||     8
         Mace              |    14 |       |       ||    14
         Dagger            |    21 |    85 |    10 ||   116
    Use: Potion            |       |     1 |     1 ||     2
 Armour: Scale mail        |    36 |    77 |    11 ||   124
  Dodge: Dodged            |    19 |    33 |     4 ||    56

Table legend: (Time is in decaauts)
 A = Elapsed time spent in this place.
 B = Non-inter-level travel time spent in this place.
 C = Inter-level travel time spent in this place.
 D = Time resting spent in this place.
 E = Time spent auto-exploring this place.
 F = Levels seen in this place.
 G = Mean time per level.
                   A        B        C        D        E       F      G
               +--------+--------+--------+--------+--------+-----+--------+
         Total |   2418 |   2280 |    138 |    180 |   1656 |   5 |  483.6 |
       Dungeon |   2418 |   2280 |    138 |    180 |   1656 |   5 |  483.6 |
               +--------+--------+--------+--------+--------+-----+--------+

Top non-repeatable levels by time:
     D:2: 683 daAuts
     D:1: 571 daAuts
     D:3: 513 daAuts
     D:5: 469 daAuts
     D:4: 180 daAuts

Levels and vault maps discovered:
D:1:      amcnicky_arrival_double_pillar, layout_basic
D:2:      layout_loops_cross, basic_altar, serial_shops,
          nicolae_shop_hallway_plus, nicolae_shop_scrapyard, nicolae_shop_stone,
          nicolae_shop_window_shopping, nicolae_shop_bloodbath_and_beyond,
          hellmonk_ecumenical_altar_pennies_from_heaven
D:3:      layout_rooms, chequers_avenue, kennysheep_pointless_box
D:4:      layout_basic, grunt_temple_overflow_order_and_chaos_2
D:5:      layout_loops_corners, temple_statues, uniq_ijyb, uniq_sigmund,
          uniq_duvessa, uniq_grinder

Table legend: (Time is in decaauts)
 A = Elapsed time spent in this place.
 B = Non-inter-level travel time spent in this place.
 C = Inter-level travel time spent in this place.
 D = Time resting spent in this place.
 E = Time spent auto-exploring this place.
 F = Levels seen in this place.
 G = Mean time per level.
                   A        B        C        D        E       F      G
               +--------+--------+--------+--------+--------+-----+--------+
         Total |   2418 |   2280 |    138 |    180 |   1656 |   5 |  483.6 |
       Dungeon |   2418 |   2280 |    138 |    180 |   1656 |   5 |  483.6 |
               +--------+--------+--------+--------+--------+-----+--------+

Top non-repeatable levels by time:
     D:2: 683 daAuts
     D:1: 571 daAuts
     D:3: 513 daAuts
     D:5: 469 daAuts
     D:4: 180 daAuts

Table legend:
 A = Kills in this place as a percentage of kills in the entire game.
 B = Kills by you in this place as a percentage of kills by you in the entire game.
 C = Kills by friends in this place as a percentage of kills by friends in the entire game.
 D = Other kills in this place as a percentage of other kills in the entire game.
 E = Experience gained in this place as a percentage of experience gained in the entire game.
 F = Experience gained in this place divided by the number of levels of this place that you have seen.
                   A       B       C       D       E      F
               +-------+-------+-------+-------+-------+----------------------
         Total | 100.0 | 100.0 |   N/A |   N/A | 100.0 | 145.6
       Dungeon | 100.0 | 100.0 |   N/A |   N/A | 100.0 | 145.6
               +-------+-------+-------+-------+-------+----------------------
